 Dungeon Crawl Stone Soup version 0.32-a0-42-ga30500b4d3 (webtiles) character file.

Game seed: 1979297788591277289

15 pokeman the Magician (level 2, -2/16 HPs)
             Began as a Deep Elf Hedge Wizard on Jan 27, 2024.
             Slain by a gnoll
             ... wielding a +0 flail
              (11 damage)
             ... on level 1 of the Dungeon.
             The game lasted 00:01:07 (1131 turns).

pokeman the Magician (Deep Elf Hedge Wizard)        Turns: 1131, Time: 00:01:08

Health: -2/16      AC:  2    Str:  7    XL:     2   Next: 34%
Magic:  4/9        EV: 12    Int: 18    God:
Gold:   52         SH:  0    Dex: 14    Spells: 9/10 levels left

rFire   . . .        e - +2 dagger (speed)
rCold   . . .        (no shield)
rNeg    . . .        b - +0 robe
rPois   .            c - +0 hat
rElec   .            (no cloak)
rCorr   .            (no gloves)
SInv    .            (no boots)
Will    .....        (no amulet)
Stlth   ++           (no ring)
HPRegen 0.22/turn    (no ring)
MPRegen 0.11/turn

%: no passive effects
@: very slightly contaminated
A: no striking features
a: no special abilities


You were on level 1 of the Dungeon.
You visited 1 branch of the dungeon, and saw 1 of its levels.

You collected 52 gold pieces.

Inventory:

Hand Weapons
 e - a +2 dagger of speed (weapon)
Armour
 b - a +0 robe (worn)
 c - a +0 hat (worn)
Magical Staves
 h - a staff of earth
Scrolls
 a - a scroll of brand weapon {unknown}
Potions
 d - a potion of magic
 f - a potion of mutation {unknown}
 g - a potion of attraction {unknown}


   Skills:
 + Level 0.4 Fighting
 + Level 0.4 Armour
 - Level 2.4 Dodging
 - Level 2.4 Stealth
 * Level 4.8 Spellcasting
 + Level 1.5 Conjurations
 - Level 1.1 Summonings
 - Level 1.1 Translocations


You had 9 spell levels left.
You knew the following spells:

 Your Spells              Type           Power      Damage    Failure   Level
a - Magic Dart            Conj           36%        1d4       8%          1

Your spell library contained the following spells:

 Spells                   Type           Power      Damage    Failure   Level
 Blink                    Tloc           16%        N/A       13%         2
 Call Imp                 Summ           16%        N/A       13%         2
 Slow                     Hex            16%        N/A       14%         1
 Cigotuvi's Dreadful Rot  Necr/Alch/Air  8%         N/A       21%         2
 Mephitic Cloud           Conj/Alch/Air  6%         N/A       32%         3
 Inner Flame              Hex/Fire       4%         N/A       38%         3
 Irradiate                Conj/Alch      3%         3d12      95%         5
 Ignition                 Fire           2%         3d3       100%        8


Dungeon Overview and Level Annotations

Branches:
Dungeon (1/15)

Altars:


Message History

Confirm with . or Enter, or press ? or * to list all spells.
Aiming: Magic Dart (safe; 8% risk of failure)
Press: ? - help, Shift-Dir - straight line, f - gnoll
Aim: a gnoll, wielding a +0 flail (asleep, 100% to hit)
The magic dart hits the gnoll.
The gnoll is lightly wounded.
The gnoll shouts!
Casting: Magic Dart (safe; 8% risk of failure)
Confirm with . or Enter, or press ? or * to list all spells.
Aiming: Magic Dart (safe; 8% risk of failure)
Press: ? - help, Shift-Dir - straight line, f/p - gnoll
Aim: a gnoll, wielding a +0 flail (lightly wounded, 100% to hit)
The magic dart hits the gnoll.
The gnoll is moderately wounded.
Casting: Magic Dart (safe; 8% risk of failure)
Confirm with . or Enter, or press ? or * to list all spells.
Aiming: Magic Dart (safe; 8% risk of failure)
Press: ? - help, Shift-Dir - straight line, f/p - gnoll
Aim: a gnoll, wielding a +0 flail (moderately wounded, 100% to hit)
The magic dart hits the gnoll.
The gnoll is heavily wounded.
The gnoll hits you with a +0 flail!
Casting: Magic Dart (safe; 8% risk of failure)
Confirm with . or Enter, or press ? or * to list all spells.
Aiming: Magic Dart (safe; 8% risk of failure)
Press: ? - help, Shift-Dir - straight line, f/p - gnoll
Aim: a gnoll, wielding a +0 flail (heavily wounded, 100% to hit)
You miscast Magic Dart.
You are very lightly contaminated with residual magic.
Nothing appears to happen.
The gnoll barely misses you.
Casting: Magic Dart (safe; 8% risk of failure)
Confirm with . or Enter, or press ? or * to list all spells.
Aiming: Magic Dart (safe; 8% risk of failure)
Press: ? - help, Shift-Dir - straight line, f/p - gnoll
Aim: a gnoll, wielding a +0 flail (heavily wounded, 100% to hit)
The magic dart hits the gnoll but does no damage.
The gnoll is heavily wounded.
The gnoll hits you with a +0 flail!
Ouch! That really hurt!
You die...

####.......... ###########
#....... #.#.#### ## #.#.....
.. #.#.#### #.#### #.#.# #
#..g.# #.#.# # #@# #.#.# #
################.####### #.#.#
# ........................
#.#.# #
#.############.###########.#.#
# #.# #.>............#.# #.#
#..#############.# #.#
#..#############)# #.#
#..#.............# #.#
#..#.#############


You could see a gnoll.

Vanquished Creatures
  5 bats (D:1)
  An endoplasm (D:1)
  2 goblins (D:1)
  A hobgoblin (D:1)
  2 kobolds (D:1)
  A quokka (D:1)
  A rat (D:1)
13 creatures vanquished.

Notes
Turn   | Place    | Note
-------+----------+-------------------------------------------
     0 | D:1      | pokeman the Deep Elf Hedge Wizard began the quest for the
                  | Orb.
     0 | D:1      | Reached XP level 1. HP: 10/10 MP: 7/7
   497 | D:1      | Reached XP level 2. HP: 16/16 MP: 6/9
  1131 | D:1      | Slain by a gnoll

Illustrated notes

Levels and vault maps discovered:
D:1:      dpeg_arrival_circle_labyrinth_a, layout_basic

Action                     || total
---------------------------++-------
  Melee: Dagger            ||     4
   Cast: Magic Dart        ||    43
 Armour: Robe              ||     9
  Dodge: Dodged            ||     7

Table legend: (Time is in decaauts)
 A = Elapsed time spent in this place.
 B = Non-inter-level travel time spent in this place.
 C = Inter-level travel time spent in this place.
 D = Time resting spent in this place.
 E = Time spent auto-exploring this place.
 F = Levels seen in this place.
 G = Mean time per level.
                   A        B        C        D        E       F      G
               +--------+--------+--------+--------+--------+-----+--------+
         Total |   1129 |   1129 |      0 |      0 |   1036 |   1 | 1129.0 |
       Dungeon |   1129 |   1129 |      0 |      0 |   1036 |   1 | 1129.0 |
               +--------+--------+--------+--------+--------+-----+--------+

Top non-repeatable levels by time:
     D:1: 1129 daAuts
